 Dungeon Crawl Stone Soup version 0.19.1-1-g22dce08 (webtiles) character file.

1622 Macro the Slicer (level 9, 0/58 HPs)
             Began as a Halfling Hunter on Jan 10, 2017.
             Was an Initiate of Gozag.
             Slain by an ogre
             ... wielding a +0 giant spiked club
              (22 damage)
             ... on level 5 of the Dungeon on Jan 11, 2017.
             The game lasted 01:52:29 (7366 turns).

Macro the Slicer (Halfling Hunter)                  Turns: 7366, Time: 01:52:30

Health: 0/58       AC: 15    Str: 15    XL:     9   Next: 17%
Magic:  9/9        EV:  9    Int: 10    God:    Gozag
Gold:   596        SH:  6    Dex: 15    Spells: 0 memorised, 8 levels left

rFire  . . .     SeeInvis .     m - +1 dagger (freeze)
rCold  . . .     Gourm    .     r - +0 chain mail
rNeg   . . .     Faith    +     v - +0 buckler
rPois  +         Spirit   .     q - +1 helmet
rElec  .         Reflect  .     (no cloak)
rCorr  .         Harm     .     K - +2 pair of gloves
MR     .....                    (no boots)
Stlth  ..........               e - amulet of faith
                                x - ring of poison resistance
                                j - ring of flight

@: lethally poisoned (0 -> -3), gold aura
A: mutation resistance 1
a: Potion Petition, Call Merchant, Bribe Branch, Renounce Religion, Evoke Flight


You were on level 5 of the Dungeon.
You worshipped Gozag.
Gozag was pleased with you.
You were not hungry.

You visited 2 branches of the dungeon, and saw 7 of its levels.
You also visited: Sewer.

You collected 626 gold pieces.
You paid 30 gold pieces to Gozag.

Inventory:

Hand Weapons
 a - a +1 hand crossbow
 m - a +1 dagger of freezing (weapon)
 F - a +2 flail of protection
 G - a +0 blowgun
Missiles
 d - 58 bolts
 i - 21 poisoned needles (quivered)
 n - 2 curare-tipped needles
Armour
 q - a +1 helmet (worn)
 r - a +0 chain mail (worn)
 v - a +0 buckler (worn)
 K - a +2 pair of gloves (worn)
Magical Staves
 O - an uncursed staff of energy {unknown}
Jewellery
 e - an amulet of faith (around neck)
 j - a ring of flight (left hand)
 p - an uncursed ring of fire
 x - a ring of poison resistance (right hand)
Scrolls
 h - 4 scrolls of remove curse {unknown}
 k - a scroll of teleportation {unknown}
 o - a scroll of immolation {unknown}
 t - 4 scrolls of amnesia {unknown}
 u - a scroll of random uselessness {unknown}
 w - 2 scrolls of blinking {unknown}
 y - 6 scrolls of identify {unknown}
 B - 2 scrolls of noise {unknown}
 C - a scroll of fog {unknown}
 J - a scroll of enchant weapon {unknown}
 L - a scroll of recharging {unknown}
 P - a scroll of fear {unknown}
Potions
 c - 2 potions of heal wounds
 g - 2 potions of invisibility {unknown}
 l - a potion of mutation {unknown}
 s - 2 potions of curing {unknown}
 z - a potion of lignification {unknown}
 A - 3 potions of flight {unknown}
 D - a potion of brilliance {unknown}
 E - 2 potions of might {unknown}
 H - a potion of magic {unknown}
 I - a potion of degeneration {unknown}
 N - a potion of resistance {unknown}
Comestibles
 b - 2 slices of pizza
 f - 5 bread rations
 M - 2 fruits


   Skills:
 + Level 4.1 Fighting
 + Level 8.0 Short Blades
 + Level 5.4 Crossbows
 + Level 5.1 Armour
 - Level 2.3 Dodging
 + Level 2.8 Stealth
 + Level 4.3 Shields
 + Level 0.2 Evocations


You had 8 spell levels left.
You didn't know any spells.

Dungeon Overview and Level Annotations

Branches:
Dungeon (6/15)             Temple (1/1) D:5

Altars:
Ashenzari
Gozag
Kikubaaqudgha
Makhleb
Nemelex Xobeh
Okawaru
Qazlal
Ru
Trog
Uskayaw
Vehumet
Xom
Yredelemnul
The Shining One

Shops:
D:4 *(

Annotations:
D:4 karate69's ghost, amateur TrBe


Innate Abilities, Weirdness & Mutations

You are small and have problems with some larger weapons.
You are somewhat resistant to further mutation.


Message History

You kill the worker ant!
Your Short Blades skill increases to level 8!
You hit the ogre but do no damage.
You feel sick.
You hit the ogre. You freeze the ogre.
The ogre is lightly wounded.
The ogre hits you with a giant spiked club.
You barely miss the ogre.
The ogre is lightly wounded.
You feel sick.
You hit the ogre. You freeze the ogre.
The ogre is moderately wounded.
The ogre misses you.
You hit the ogre. You freeze the ogre.
The ogre is moderately wounded.
You hit the ogre. You freeze the ogre.
The ogre is heavily wounded.
You feel sick.
The ogre hits you with a giant spiked club!!
You die...
Your body crumbles into a pile of gold.

# ### ########
####..
####......###.....
#@$.............##
##O............##
####........###
###...#### #####


You could see an ogre.

Vanquished Creatures
  4 sky beasts
  A phantom (D:4)
  A centaur (D:6)
  3 ogres
  A necrophage (D:6)
  A big kobold (Sewer)
  2 scorpions (D:5)
  A crimson imp (D:6)
  A bullfrog zombie (D:5)
  A jelly (D:5)
  An orc priest (D:5)
  A hound (D:4)
  An iguana (D:4)
  3 orc wizards
  4 worker ants
  A hound skeleton (D:4)
  5 adders
  2 river rats (Sewer)
  A shadow imp (D:5)
  2 worms (D:2)
  5 dart slugs
  5 leopard geckos
  11 orcs
  5 ball pythons
  7 bats
  8 giant cockroaches
  11 goblins
  9 hobgoblins
  15 jackals
  3 quokkas
  A ball python zombie (D:5)
  3 frilled lizards
  14 kobolds
  8 rats
142 creatures vanquished.

Notes
Turn   | Place    | Note
-------+----------+-------------------------------------------
     0 | D:1      | Macro the Halfling Hunter began the quest for the Orb.
     0 | D:1      | Reached XP level 1. HP: 14/14 MP: 1/1
   122 | D:1      | Reached XP level 2. HP: 19/19 MP: 2/2
   234 | D:1      | Reached skill level 5 in Crossbows
   415 | D:1      | Reached XP level 3. HP: 22/24 MP: 3/3
   993 | D:2      | Reached skill level 1 in Short Blades
  1185 | D:2      | Reached XP level 4. HP: 29/29 MP: 4/4
  1793 | D:3      | Reached skill level 1 in Armour
  1890 | D:3      | Reached skill level 2 in Short Blades
  1996 | D:3      | Reached XP level 5. HP: 27/34 MP: 5/5
  2330 | D:3      | Reached skill level 3 in Short Blades
  2562 | D:4      | Noticed an ogre
  2575 | D:4      | Killed an ogre
  2575 | D:4      | Reached skill level 1 in Shields
  2575 | D:4      | Reached XP level 6. HP: 31/41 MP: 6/6
  2938 | D:4      | Found an opulent altar of Gozag.
  2939 | D:4      | Found Gozag's Platinum Reserve.
  2956 | D:4      | Became a worshipper of Gozag Ym Sagoz the Greedy
  3093 | D:4      | Noticed a phantom
  3169 | D:4      | Reached skill level 4 in Short Blades
  3232 | D:4      | Killed a phantom
  3232 | D:4      | Reached XP level 7. HP: 7/45 MP: 7/7
  3704 | D:4      | Found a sacrificial altar of Ru.
  4110 | D:4      | Found Gaczux's Weapon Shoppe.
  4138 | D:4      | Noticed karate69's ghost (amateur TrBe)
  4374 | D:5      | Entered Level 5 of the Dungeon
  4406 | D:5      | Reached skill level 5 in Short Blades
  4935 | D:5      | Found a glowing drain.
  5008 | Sewer    | Entered a sewer
  5163 | Sewer    | Reached XP level 8. HP: 51/52 MP: 8/8
  5269 | Sewer    | Found a white marble altar of Elyvilon.
  5530 | D:5      | Reached skill level 6 in Short Blades
  6120 | D:5      | Found a staircase to the Ecumenical Temple.
  6172 | Temple   | Entered the Ecumenical Temple
  6687 | D:6      | Reached skill level 7 in Short Blades
  6864 | D:6      | Reached XP level 9. HP: 40/56 MP: 9/9
  7032 | D:6      | Reached skill level 5 in Armour
  7360 | D:5      | Reached skill level 8 in Short Blades
  7366 | D:5      | Slain by an ogre

Skill      XL: |  1  2  3  4  5  6  7  8  9 |
---------------+----------------------------+-----
Crossbows      | 5 |  5.4
Short Blades   | 1 2 3 4 5 7 8 |  8.0
Fighting       | 2 3 4 |  4.1
Armour         | 1 2 3 4 5 |  5.1
Shields        | 1 2 3 4 |  4.3
Stealth        | 2 |  2.8
Dodging        | |  2.3
Evocations     | |  0.2

Action                   |  1- 3 |  4- 6 |  7- 9 || total
-------------------------+-------+-------+-------++-------
Melee: Dagger            |    77 |   335 |   634 ||  1046
 Fire: Hand crossbow     |    16 |       |       ||    16
 Abil: Evoke Flight      |       |       |     2 ||     2
  Use: Potion            |       |       |     1 ||     1
 Stab: Distracted        |       |       |     3 ||     3
  Eat: Bread ration      |     1 |       |       ||     1
       Beef jerky        |       |     1 |     1 ||     2
       Fruit             |       |     1 |     4 ||     5
       Meat ration       |       |       |     2 ||     2
Armor: Leather armour    |     8 |       |       ||     8
       Chain mail        |    17 |   146 |   208 ||   371
Dodge: Dodged            |    49 |    97 |   142 ||   288
Block: Buckler           |       |    61 |   112 ||   173
